 Dungeon Crawl Stone Soup version 0.29-a0-284-gf9362112df (webtiles) character file.

Game seed: 9873313578571042738

63 horus123 the Magician (level 3, 0/19 HPs)
             Began as a Deep Elf Conjurer on Mar 26, 2022.
             Slain by an adder (4 damage)
             ... on level 2 of the Dungeon.
             The game lasted 00:04:51 (2307 turns).

horus123 the Magician (Deep Elf Conjurer)           Turns: 2307, Time: 00:04:51

Health: 0/19       AC:  2    Str:  4    XL:     3   Next: 89%
Magic:  0/12       EV: 12    Int: 24    God:
Gold:   136        SH:  0    Dex: 13    Spells: 10/13 levels left

rFire   . . .      SeeInvis .   n - +0 short sword
rCold   . . .      Faith    .   (no shield)
rNeg    . . .      Spirit   .   a - +0 robe
rPois   .          Reflect  .   (no helmet)
rElec   .          Harm     .   (no cloak)
rCorr   .          Rampage  .   (no gloves)
Will    .....                   (no boots)
Stlth   ++........              (no amulet)
HPRegen 0.06/turn               (no ring)
MPRegen 0.13/turn               (no ring)

@: no status effects
A: no striking features
a: no special abilities


You were on level 2 of the Dungeon.
You visited 1 branch of the dungeon, and saw 3 of its levels.

You collected 136 gold pieces.

Inventory:

Hand Weapons
 n - a +0 short sword (weapon)
Missiles
 i - 3 curare-tipped darts
Armour
 a - a +0 robe (worn)
Jewellery
 p - a ring of flight
Scrolls
 e - a scroll of immolation {unknown}
 f - 3 scrolls of identify {unknown}
 g - a scroll of enchant weapon {unknown}
 k - a scroll of noise {unknown}
 l - a scroll of amnesia {unknown}
 o - 2 scrolls of fog {unknown}
Potions
 b - a potion of magic
 c - 3 potions of curing {unknown}
 d - a potion of invisibility {unknown}
 h - 2 potions of lignification {unknown}
 j - 3 potions of might {unknown}
 m - a potion of haste {unknown}
 q - a potion of berserk rage {unknown}


   Skills:
 - Level 2.4 Dodging
 - Level 2.4 Stealth
 + Level 5.8 Spellcasting
 - Level 4.3 Conjurations


You had 10 spell levels left.
You knew the following spells:

 Your Spells              Type           Power      Damage    Failure   Level
a - Magic Dart            Conj           100%       1d8       1%          1
b - Searing Ray           Conj           56%        2d6       1%          2

Your spell library contained the following spells:

 Spells                   Type           Power      Damage    Failure   Level
 Foxfire                  Conj/Fire      68%        2x1d7     3%          1
 Dazzling Flash           Conj/Hex       34%        N/A       10%         3
 Fulminant Prism          Conj/Hex       8%         3d7       32%         4
 Iskenderun's Mystic Bla  Conj/Tloc      17%        2d5       32%         4


Dungeon Overview and Level Annotations

Branches:
Dungeon (3/15)

Altars:
The Shining One

Shops:
D:1 [[   D:2 !


Message History

An adder comes into view.
The adder hisses angrily.
An iguana comes into view.
Found a dark potion.
Found a scale mail.
The adder closely misses you. The adder attacks as you move away!
The adder bites you.
You see here a +0 scale mail.
The adder attacks as you move away! The adder closely misses you.
The adder barely misses you. The adder misses you.
The adder attacks as you move away! The adder closely misses you.
The adder bites you.
You are poisoned.
The adder poisons you! The adder attacks as you move away! The adder bites you.
You feel sick.
There is a stone staircase leading up here.
You feel sick. The adder bites you but does no damage.
You climb upwards.
You feel sick.
There is a stone staircase leading down here.
Casting: Searing Ray (safe; 1% risk of failure)
Confirm with . or Enter, or press ? or * to list all spells.
Aiming: Searing Ray (safe; 1% risk of failure)
Press: ? - help, Shift-Dir - straight line, f - adder
Aim: an adder (66% to hit)
The searing ray hits the adder.
The adder is moderately wounded. (Press . to maintain the ray.)
You feel sick. The adder bites you. x2
* * * LOW HITPOINT WARNING * * *
There are no items here.
Unknown command.
Aiming: Magic Dart (safe; 1% risk of failure)
Press: ? - help, Q - select action, (/) - cycle Shift-Dir - straight line, f/p - adder
Aim: an adder (moderately wounded, 100% to hit)
The magic dart hits the adder.
The adder is severely wounded.
You feel sick.
You are no longer poisoned.
The adder bites you.
You die...

#.## ##.....##
#.......# #.#
##)..## #####.###
#.# #.∩## #.# #.#
##.# #.# #.#
#.##########.#
###†#####
##............#
#.....†.#
##...###########
#.#.###.####..S..#
#.#.......###..@##
#.#####.#.####.####
#.# #.#.#.......#
#.#####.#......##.#
#.......###.##.##.#
######### #.##.##.#
#.##.##.#########
#.......#.......#
####.####.#####.#


You could see an adder.

Vanquished Creatures
  2 adders (D:2)
  A worm (D:2)
  2 dart slugs
  2 endoplasms (D:1)
  4 giant cockroaches
  2 goblins
  A hobgoblin (D:1)
  4 kobolds
  4 quokkas
  3 ball pythons (D:1)
  4 bats
  5 frilled lizards
  5 hobgoblin zombies (D:3)
  2 rats
41 creatures vanquished.

Notes
Turn   | Place    | Note
-------+----------+-------------------------------------------
     0 | D:1      | horus123 the Deep Elf Conjurer began the quest for the Orb.
     0 | D:1      | Reached XP level 1. HP: 10/10 MP: 6/6
    55 | D:1      | Found Topiutz's Antique Armour Boutique.
   286 | D:1      | Found Ubba Ley's Armour Shoppe.
   316 | D:1      | Reached skill level 4 in Spellcasting
   316 | D:1      | Reached XP level 2. HP: 15/15 MP: 2/9
   379 | D:1      | Learned a level 2 spell: Searing Ray
   717 | D:1      | Found a faded altar of an unknown god.
   726 | D:1      | Got Plato's Compendium of Battle Magic
  1078 | D:2      | Found Xuhano's Distillery.
  1437 | D:2      | Reached skill level 5 in Spellcasting
  1437 | D:2      | Reached XP level 3. HP: 19/19 MP: 5/11
  2272 | D:3      | Found a glowing golden altar of the Shining One.
  2307 | D:2      | Slain by an adder

Illustrated notes

Levels and vault maps discovered:
D:1:      psy_arrival_spokes, layout_loops_corners,
          shapermc_ecumenical_altar_rom_forum, serial_shops,
          nicolae_square_shop, nicolae_shop_crystal
D:2:      layout_loops_corners, serial_shops, shop
D:3:      layout_rooms, nicolae_tso_besieged_by_evil,
          mainiacjoe_overflow_concentric_impassable, hex_intersection

Skill      XL: |  1  2 |
---------------+-------+-----
Spellcasting   | 4 5 |  5.8
Dodging        | |  2.4
Stealth        | |  2.4
Conjurations   | |  4.3

Action                   || total
-------------------------++-------
 Cast: Magic Dart        ||    72
       Searing Ray       ||     3
Armor: Robe              ||     2
Dodge: Dodged            ||     9

Table legend: (Time is in decaauts)
 A = Elapsed time spent in this place.
 B = Non-inter-level travel time spent in this place.
 C = Inter-level travel time spent in this place.
 D = Time resting spent in this place.
 E = Time spent auto-exploring this place.
 F = Levels seen in this place.
 G = Mean time per level.
                   A        B        C        D        E       F      G
               +--------+--------+--------+--------+--------+-----+--------+
         Total |   2306 |   2224 |     82 |    123 |   1885 |   3 |  768.7 |
       Dungeon |   2306 |   2224 |     82 |    123 |   1885 |   3 |  768.7 |
               +--------+--------+--------+--------+--------+-----+--------+

Top non-repeatable levels by time:
     D:2: 1077 daAuts
     D:1: 1059 daAuts
     D:3: 169 daAuts
